 Dungeon Crawl Stone Soup version 0.28-a0-851-g8b9cc49659 (webtiles) character file.

Game seed: 13074306522754672291

19 ragingrage the Sneak (level 2, 0/15 (23) HPs)
             Began as a Merfolk Brigand on Nov 14, 2021.
             Hit by a stone thrown by a hobgoblin (1 damage)
             ... on level 2 of the Dungeon.
             The game lasted 00:01:03 (812 turns).

ragingrage the Sneak (Merfolk Brigand)               Turns: 812, Time: 00:01:04

HP:   0/15 (23)     AC:  3    Str: 11    XL:     2   Next: 75%
MP:   2/2           EV: 12    Int: 10    God:
Gold: 113           SH:  0    Dex: 15    Spells: 1/1 levels left

rFire   . . .      SeeInvis .   a - +2 dagger
rCold   . . .      Faith    .   (no shield)
rNeg    . . .      Spirit   .   b - +0 robe
rPois   .          Reflect  .   (no helmet)
rElec   .          Harm     .   c - +0 cloak
rCorr   .          Rampage  .   (no gloves)
Will    .....                   (no boots)
Stlth   +++.......              (no amulet)
HPRegen 0.05/turn               (no ring)
MPRegen 0.08/turn               (no ring)

@: very heavily drained
A: (nimble swimmer 2), mertail
a: no special abilities


You were on level 2 of the Dungeon.
You visited 1 branch of the dungeon, and saw 2 of its levels.

You collected 113 gold pieces.

Inventory:

Hand Weapons
 a - a +2 dagger (weapon)
Missiles
 d - 8 poisoned darts (quivered)
 e - 2 curare-tipped darts
Armour
 b - a +0 robe (worn)
 c - a +0 cloak (worn)
Jewellery
 f - an amulet of regeneration
Scrolls
 g - a scroll of blinking {unknown}
 h - a scroll of amnesia {unknown}
 i - a scroll of enchant weapon {unknown}
 j - a scroll of torment {unknown}


   Skills:
 + Level 2.7 Fighting
 - Level 2.4 Short Blades
 + Level 2.4 Throwing
 + Level 2.2 Dodging
 - Level 4.3 Stealth


You had one spell level left.
You didn't know any spells.
Your spell library was empty.

Dungeon Overview and Level Annotations

Branches:
Dungeon (2/15)

Altars:

Shops:
D:1 (:*


Innate Abilities, Weirdness & Mutations

((You are quick and stealthy near water. (Stealth+, EV+, Speed+++)))
Your lower body shifts to a powerful aquatic tail in water.


Message History

The hobgoblin closely misses you. The necrophage misses you.
You hit the necrophage.
The necrophage is moderately damaged.
The hobgoblin hits you.
You hit the necrophage.
The necrophage is heavily damaged.
The necrophage hits you but does no damage.
The hobgoblin misses you.
You closely miss the necrophage.
The necrophage is heavily damaged.
The necrophage hits you but does no damage.
The hobgoblin barely misses you.
You barely miss the necrophage.
The necrophage is heavily damaged.
The necrophage hits you but does no damage.
You hit the necrophage.
The necrophage is severely damaged.
The hobgoblin completely misses you. The necrophage closely misses you.
You closely miss the necrophage.
The necrophage is severely damaged.
The hobgoblin barely misses you. The necrophage barely misses you.
You hit the necrophage.
The necrophage is severely damaged.
The ball python bites you. The ball python barely misses you.
The hobgoblin misses you. The necrophage hits you.
You feel drained.
You are too injured to fight recklessly!
The ball python closely misses you. The ball python grabs you.
The ball python constricts you. The hobgoblin hits you.
* * * LOW HITPOINT WARNING * * *
The ball python barely misses you. The ball python constricts you.
You escape the ball python's grasp.
The hobgoblin misses you. The necrophage hits you.
* * * LOW HITPOINT WARNING * * *
You feel drained.
There is an open door here.
The hobgoblin throws a stone.
The stone misses you.
The hobgoblin throws a stone.
The stone closely misses you.
The hobgoblin throws a stone.
The stone closely misses you.
The hobgoblin throws a stone.
The stone hits you.
You die...

#. .## #..############### #. ..#
#..# ....... ###'##.# #..#.#
####### #......# #..#.# #######..
#......######..#.# .........
#..........##..#.# .........
#.....S....##..#.# ........<
#.....n....##..#.# .........
..##.....#'#####@.#.## .........
...'.....+.g.........+...........
..##....†##S####..#.##...........
#.....##.# #.................
#.....##.## #..8.8............
###.####..# #.8.8.8.########## #.
##.###..8_8..... ..
#..##.8.8.8....
..#######.##..8.8......


You could see a hobgoblin and a ball python.

Vanquished Creatures
  A dart slug (D:1)
  A ball python (D:2)
  An endoplasm (D:2)
  2 giant cockroaches
  2 hobgoblins
  3 kobolds
  A quokka (D:1)
  A bat (D:1)
  2 frilled lizards
  2 rats
16 creatures vanquished.

Notes
Turn   | Place    | Note
-------+----------+-------------------------------------------
     0 | D:1      | ragingrage the Merfolk Brigand began the quest for the Orb.
     0 | D:1      | Reached XP level 1. HP: 16/16 MP: 1/1
    48 | D:1      | Found Befouz's General Store.
   117 | D:1      | Found Azyejan's Weapon Shop.
   133 | D:1      | Reached XP level 2. HP: 23/23 MP: 2/2
   137 | D:1      | Found Qoihoo's Book Shoppe.
   757 | D:2      | Found a faded altar of an unknown god.
   784 | D:2      | Noticed a necrophage
   812 | D:2      | Hit by a stone thrown by a hobgoblin

Illustrated notes

Levels and vault maps discovered:
D:1:      matt_arrival_grand_opening, layout_basic, serial_shops,
          nicolae_shop_behind_doors, shop, nicolae_diamond_shop
D:2:      layout_basic, chequers_ecumenical_altar_simple_redux

Skill      XL: |  1  2 |
---------------+-------+-----
Dodging        | 2 |  2.2
Fighting       | |  2.7
Short Blades   | |  2.4
Throwing       | |  2.4
Stealth        | |  4.3

Action                   || total
-------------------------++-------
Melee: Dagger            ||    50
 Stab: Sleeping          ||     7
Armor: Robe              ||    12
Dodge: Dodged            ||    37

Table legend: (Time is in decaauts)
 A = Elapsed time spent in this place.
 B = Non-inter-level travel time spent in this place.
 C = Inter-level travel time spent in this place.
 D = Time resting spent in this place.
 E = Time spent auto-exploring this place.
 F = Levels seen in this place.
 G = Mean time per level.
                   A        B        C        D        E       F      G
               +--------+--------+--------+--------+--------+-----+--------+
         Total |    805 |    799 |      6 |      0 |    649 |   2 |  402.5 |
       Dungeon |    805 |    799 |      6 |      0 |    649 |   2 |  402.5 |
               +--------+--------+--------+--------+--------+-----+--------+

Top non-repeatable levels by time:
     D:1: 549 daAuts
     D:2: 255 daAuts
